 Dungeon Crawl Stone Soup version 0.17-a0-1078-g243345b (webtiles) character file.

240 Raurakos the Insei (level 6, 0/29 HPs)
             Began as a Vine Stalker Transmuter on May 19, 2015.
             Slain by an ogre
             ... wielding a +0 giant club
              (16 damage)
             ... on level 4 of the Dungeon.
             The game lasted 00:11:21 (2754 turns).

Raurakos the Insei (Vine Stalker Transmuter)        Turns: 2754, Time: 00:11:21

Health: 0/29       AC:  4    Str: 13    XL:     6   Next: 8%
Magic:  0/10       EV: 12    Int: 13    God:
Gold:   153        SH:  0    Dex: 16    Spells: 3 memorised, 0 levels left

rFire  . . .     SeeInvis .       - Unarmed
rCold  . . .     Clarity  .     b - +0 robe
rNeg   . . .     SustAb   .     (no shield)
rPois  .         Gourm    .     u - +0 helmet
rElec  .         Spirit   +     (no cloak)
rCorr  .         Warding  .     (no gloves)
rMut   .         Stasis   .     v - +0 pair of boots
MR     .....                    (no amulet)
Stlth  +.........               (no ring)
                                (no ring)

@: not resistant to hostile enchantments, very unstealthy
A: fangs 2, regeneration 2, magic shield, antimagic bite, no device heal 3, rot
immunity
a: no special abilities


You were on level 4 of the Dungeon.
You were not hungry.

You visited 1 branch of the dungeon, and saw 4 of its levels.

You collected 153 gold pieces.

Inventory:

Missiles
 a - 58 arrows
 f - 19 stones (quivered)
 j - 9 arrows of frost
Armour
 b - a +0 robe (worn)
 r - a +0 shield
 u - a +0 helmet (worn)
 v - a +0 pair of boots (worn)
Jewellery
 e - an uncursed ring of stealth {unknown}
Scrolls
 g - 2 scrolls of enchant armour {unknown}
 i - 2 scrolls of amnesia {unknown}
 k - 3 scrolls of remove curse {unknown}
 m - 5 scrolls of identify {unknown}
 n - a scroll of blinking {unknown}
 p - 2 scrolls of recharging {unknown}
 q - a scroll of immolation {unknown}
Potions
 s - 2 potions of degeneration {unknown}
 t - a potion of brilliance {unknown}
 z - a potion of beneficial mutation {unknown}
 A - a potion of heal wounds {unknown}
Books
 c - a book of Changes

   Spells                             Type                      Level
   a - Beastly Appendage              Transmutation                1
   b - Sticks to Snakes               Transmutation                2
   c - Spider Form                    Transmutation/Poison         3
   d - Ice Form                       Ice/Transmutation            4
   e - Blade Hands                    Transmutation                5
Comestibles
 d - 4 bread rations
 h - a beef jerky
 l - a slice of pizza
 o - 3 meat rations
 w - 2 chunks of flesh
 x - 5 fruits


   Skills:
 - Level 0.8 Fighting
 - Level 1.5 Dodging
 - Level 6.0 Unarmed Combat
 - Level 2.1 Spellcasting
 + Level 3.2 Transmutations


You couldn't memorise any spells.
You knew the following spells:

 Your Spells              Type           Power        Failure   Level  Hunger
a - Beastly Appendage     Trmt           #.....       10%         1    ##.....
b - Spider Form           Trmt/Pois      #.........   38%         3    ####...
c - Blade Hands           Trmt           #.........   99%         5    ######.


Dungeon Overview and Level Annotations

Branches:
Dungeon (4/15)
 Temple: D:4-7

Altars:
Fedhas
Okawaru
Trog


Innate Abilities, Weirdness & Mutations

You have extremely sharp teeth.
You heal very quickly.
When hurt, damage is shared between your health and your magic reserves.
Your bite disrupts and absorbs the magic of your enemies.
Potions and wands cannot restore your health.
You are immune to rotting.


Message History

You kill the orc!
Items here: )) [ † a short sword; a flail; a leather armour; an orc corpse You butcher the orc corpse.
w - 2 chunks of flesh (gained 1)
Things that are here:
a short sword; a flail; a leather armour HP restored.
There is a stone staircase leading down here.
You climb downwards.
There is a stone staircase leading up here.
You swing at nothing.
You hit the ogre. You bite the ogre, but do no damage.
The ogre is lightly wounded.
The ogre hits you with a giant club!
You hit the ogre. You bite the ogre. You drain its power.
You feel invigorated.
The ogre is moderately wounded.
The ogre hits you with a giant club!!
Ouch! That really hurt!
You die...

###......O...<.#
##......((....#
####..#..........#
......#..........#
#................#
########.(......##
#..........#
#..........#
#@.........#
#O.........#
#..........#
##........##
##......##
########


You could see an ogre.

Vanquished Creatures
  A crimson imp (D:3)
  An orc priest (D:3)
  A worker ant (D:4)
  2 orc wizards (D:3)
  2 adders (D:3)
  3 worms
  10 orcs
  A ball python (D:3)
  5 bats
  A bat skeleton (D:4)
  7 giant cockroaches
  5 goblins
  6 jackals (D:3)
  4 kobolds
  4 quokkas (D:2)
  2 giant geckos
  2 giant newts (D:3)
  10 rats
67 creatures vanquished.

Notes
Turn   | Place    | Note
--------------------------------------------------------------
     0 | D:1      | Raurakos the Vine Stalker Transmuter began the quest for the Orb.
     0 | D:1      | Reached XP level 1. HP: 9/9 MP: 4/4
   297 | D:1      | Reached XP level 2. HP: 14/14 MP: 6/6
   584 | D:2      | Found a bloodstained altar of Trog.
   889 | D:2      | Reached skill level 4 in Unarmed Combat
   952 | D:2      | Reached XP level 3. HP: 17/17 MP: 7/7
  1009 | D:2      | Found an iron altar of Okawaru.
  1534 | D:3      | Reached XP level 4. HP: 14/21 MP: 4/8
  1561 | D:3      | Learned a level 3 spell: Spider Form
  1598 | D:3      | Reached skill level 5 in Unarmed Combat
  2245 | D:3      | Found a blossoming altar of Fedhas.
  2412 | D:3      | Reached XP level 5. HP: 3/25 MP: 1/9
  2530 | D:4      | Reached skill level 6 in Unarmed Combat
  2564 | D:4      | Noticed an ogre
  2675 | D:3      | Gained mutation: You heal very quickly. [Vine Stalker growth]
  2675 | D:3      | Reached XP level 6. HP: 11/29 MP: 3/10
  2682 | D:3      | Learned a level 5 spell: Blade Hands
  2754 | D:4      | Slain by an ogre

Vault maps used:
D:1:      ncdulo_smallfort
D:2:      lemuel_coloured_pillars_altar, trog_butcher_becter
D:3:      first_bread, fedhas_altar_4

Action                   |  1- 3 |  4- 6 || total
-------------------------+-------+-------++-------
Melee: Unarmed           |   130 |   170 ||   300
Throw: Stone             |    11 |    30 ||    41
  Eat: Chunk             |     2 |     4 ||     6
